 Dungeon Crawl Stone Soup version 0.20.0-10-g0535bb4 (webtiles) character file.

622 Lexie the Cudgeler (level 7, -6/44 HPs)
             Began as a Gargoyle Fighter on June 5, 2017.
             Mangled by an ogre
             ... wielding a cursed -2 giant club
              (18 damage)
             ... on level 4 of the Dungeon.
             The game lasted 00:08:57 (3501 turns).

Lexie the Cudgeler (Gargoyle Fighter)               Turns: 3501, Time: 00:08:58

Health: -6/44      AC: 10    Str: 21    XL:     7   Next: 46%
Magic:  7/7        EV:  9    Int:  9    God:
Gold:   167        SH: 10    Dex:  9    Spells: 6/6 levels left

rFire    + . .     SeeInvis .   B - +2 mace (holy)
rCold    . . .     Gourm    .   c - +0 shield
rNeg     + . .     Faith    .   m - +0 troll leather armour {Purgy}
rPois    ∞         Spirit   .   (no helmet)
rElec    +         Reflect  .   d - +0 cloak (curse)
rCorr    .         Harm     .   (no gloves)
MR       +....                  (no boots)
Stlth    +.........             (no amulet)
Regen    0.6/turn               r - ring of protection from magic
MPRegen  0.1/turn               v - ring of protection from fire

@: no status effects
A: negative energy resistance 1, electricity resistance, unbreathing,
petrification resistance, rot immunity, AC +4
a: no special abilities


You were on level 4 of the Dungeon.
You were hungry.

You visited 1 branch of the dungeon, and saw 5 of its levels.
You also visited: Sewer.

You collected 167 gold pieces.

Inventory:

Hand Weapons
 a - a +0 flail
 i - a +1 mace of draining
 t - a cursed -2 blowgun
 B - a +2 mace of holy wrath (weapon)
 F - a +0 dire flail
Missiles
 u - 36 poisoned needles
 C - 3 needles of paralysis
Armour
 b - a +0 scale mail
 c - a +0 shield (worn)
 d - a cursed +0 cloak (worn)
 m - a +0 troll leather armour (worn) {Purgy}
Jewellery
 r - a ring of protection from magic (left hand)
 s - an uncursed ring of resist corrosion
 v - a ring of protection from fire (right hand)
Wands
 y - a wand of confusion (23/48)
Scrolls
 e - a scroll of enchant armour {unknown}
 k - 3 scrolls of identify {unknown}
 l - 3 scrolls of remove curse {unknown}
 n - a scroll of blinking {unknown}
 p - a scroll of magic mapping {unknown}
 E - a scroll of enchant weapon {unknown}
Potions
 j - 2 potions of flight
 w - a potion of curing {unknown}
 x - a potion of magic {unknown}
 z - a potion of agility {unknown}
 A - a potion of ambrosia {unknown}
 D - a potion of heal wounds {unknown}
Comestibles
 f - 3 bread rations
 g - 4 fruits
 h - 4 royal jellies
 o - a meat ration
 q - 3 chunks of flesh


   Skills:
 + Level 5.2 Fighting
 * Level 6.0 Maces & Flails
 - Level 3.2 Armour
 + Level 5.2 Shields


You had 6 spell levels left.
You didn't know any spells.

Dungeon Overview and Level Annotations

Branches:
Dungeon (5/15)
 Temple: D:4-7

Altars:

Shops:
D:4 !

Annotations:
D:4 Shimatora's ghost, amateur MiBe
D:5 Ijyb


Innate Abilities, Weirdness & Mutations

You are resistant to torment.
Your stone body is resilient. (AC +4)
You are immune to poison.
You resist negative energy. (rN+)
You are resistant to electric shocks. (rElec)
You can survive without breathing.
You are immune to petrification.
You are immune to rotting.


Message History

An ogre comes into view. It is wielding a giant club.
The ogre shouts!
The hound bites you. The hound barely misses you.
You sock the ogre!
The ogre is heavily wounded.
The hound bites you. You block the ogre's attack. You block the hound's attack.
You completely miss the ogre.
The ogre is heavily wounded.
The hound closely misses you. The ogre hits you with a giant club!!
* * * LOW HITPOINT WARNING * * *
You hit the ogre.
The ogre is heavily wounded.
The hound bites you but does no damage. The hound completely misses you.
The ogre barely misses you.
You hit the ogre.
The ogre is severely wounded.
You block the hound's attack. The hound barely misses you.
The ogre hits you with a giant club!!
You die...

...........#######....#####
..............>.......'...#
.....≈≈≈.......###r...###.#
....≈≈≈≈≈......#.'.(..'.#.#
....≈≈.≈≈......#.#....###.#######
....≈≈≈≈≈......#.####.# #...÷...#
.....≈≈≈.......#.# #.#########.#
....(..........#O# #.#.......#.#
O.!............#@# #.#.#####.#.#
....w...#....w.#h# #.#.# #.#.#
.......###'###.#W# #.#.# #.#.#
......[###.# #.#.# #.#<# #.#.#
........##.# #.#.# #.#######.#.#
........##w# #.#.# ##........[#∩#
.........#.# #W#.###..........#.#
.......#.#.# #.#.#.'..........'.#
.......#...# #...#.#..........###


You could see an ogre, a hound and Shimatora's ghost.

Vanquished Creatures
  Purgy (D:4)
  A phantom (D:5)
  A bullfrog (D:3)
  A scorpion (D:4)
  Crazy Yiuf (D:2)
  An orc wizard (D:3)
  Jessica (D:3)
  An iguana (D:5)
  A hound skeleton (D:4)
  Robin (D:2)
  6 adders
  An ooze (D:1)
  An adder skeleton (D:4)
  4 worms
  2 dart slugs
  3 leopard geckos
  11 orcs
  6 bats
  6 giant cockroaches
  21 goblins
  8 hobgoblins
  3 jackals (D:3)
  8 kobolds
  A quokka (D:1)
  3 ball pythons
  8 frilled lizards
  A giant cockroach zombie (D:5)
  A quokka skeleton (D:4)
  7 rats
111 creatures vanquished.

Vanquished Creatures (others)
  An orc priest (D:5)
  An orc (D:5)
2 creatures vanquished.

Grand Total: 113 creatures vanquished

Notes
Turn   | Place    | Note
-------+----------+-------------------------------------------
     0 | D:1      | Lexie the Gargoyle Fighter began the quest for the Orb.
     0 | D:1      | Reached XP level 1. HP: 14/14 MP: 1/1
   142 | D:1      | Reached XP level 2. HP: 19/19 MP: 2/2
   553 | D:1      | Reached XP level 3. HP: 24/24 MP: 3/3
   624 | D:2      | Noticed Robin
   636 | D:2      | Reached skill level 3 in Maces & Flails
   661 | D:2      | Killed Robin
   837 | D:2      | Reached XP level 4. HP: 29/29 MP: 4/4
   915 | D:2      | Found a runed door.
  1212 | D:2      | Reached skill level 4 in Maces & Flails
  1312 | D:2      | Noticed Crazy Yiuf
  1323 | D:2      | HP: 1/29 [Crazy Yiuf/quarterstaff of chaos (2)]
  1324 | D:2      | Killed Crazy Yiuf
  1324 | D:2      | Reached XP level 5. HP: 1/33 MP: 5/5
  1935 | D:3      | Noticed Jessica
  1965 | D:3      | Reached XP level 6. HP: 26/39 MP: 6/6
  1986 | D:3      | Killed Jessica
  1986 | D:3      | Reached skill level 5 in Maces & Flails
  2512 | D:4      | Noticed Shimatora's ghost (amateur MiBe)
  2757 | D:4      | Found Efyri's Distillery.
  2871 | D:4      | Found a glowing drain.
  2892 | Sewer    | Entered a sewer
  2913 | Sewer    | Noticed Purgy
  3234 | D:4      | Killed Purgy
  3234 | D:4      | Reached skill level 5 in Fighting
  3234 | D:4      | Reached XP level 7. HP: 27/44 MP: 7/7
  3369 | D:5      | Entered Level 5 of the Dungeon
  3432 | D:5      | Reached skill level 6 in Maces & Flails
  3432 | D:5      | Reached skill level 5 in Shields
  3448 | D:5      | Noticed Ijyb
  3501 | D:4      | Mangled by an ogre

Skill      XL: |  1  2  3  4  5  6  7 |
---------------+----------------------+-----
Maces & Flails | 3 4 5 6 |  6.0
Fighting       | 4 5 |  5.2
Shields        | 4 5 |  5.2
Armour         | |  3.2

Action                   |  1- 3 |  4- 6 |  7- 9 || total
-------------------------+-------+-------+-------++-------
Melee: Flail             |   112 |   320 |    58 ||   490
       Mace              |       |       |    13 ||    13
  Use: Potion            |       |     5 |       ||     5
  Eat: Chunk             |       |     8 |     1 ||     9
Armor: Scale mail        |    72 |   214 |       ||   286
       Troll leather arm |       |       |    30 ||    30
Dodge: Dodged            |    38 |   104 |    33 ||   175
Block: Shield            |    65 |   210 |    35 ||   310
